 Dungeon Crawl Stone Soup version 0.31.0-12-g77e489cdc1 (webtiles) character file.

Game seed: 2694237990168454767

54 spaghetti the Slasher (level 3, 0/27 (30) HPs)
             Began as a Barachi Berserker on Feb 18, 2024.
             Was a Believer of Trog.
             Slain by an orc
             ... wielding a +0 hand axe
              (4 damage)
             ... on level 3 of the Dungeon.
             The game lasted 00:01:57 (2023 turns).

spaghetti the Slasher (Barachi Berserker)           Turns: 2023, Time: 00:01:59

HP:   0/27 (30)     AC: 12    Str: 18    XL:     3   Next: 91%
MP:   3/3           EV:  6    Int:  7    God:    Trog [**....]
Gold: 61            SH:  0    Dex: 13    Spells: 2/2 levels left

rFire   + . .        i - +0 short sword (speed)
rCold   + . .        (no shield)
rNeg    . . .        d - +0 plate armour
rPois   +            k - +0 helmet
rElec   +            (no cloak)
rCorr   +            (no gloves)
SInv    .            (no boots)
Will    +....        (no amulet) Stlth
                     (no ring)
HPRegen 0.24/turn    (no ring)
MPRegen 0.08/turn

%: no passive effects
@: lethally poisoned (0 -> -2), resistant, enlightened, flying, heavily drained,
slow
A: amphibious, slowness 1, strong legs 1, +LOS
a: Hop, Renounce Religion, Berserk, Trog's Hand


You were on level 3 of the Dungeon.
You worshipped Trog.
Trog was pleased with you.
You visited 1 branch of the dungeon, and saw 3 of its levels.

You collected 61 gold pieces.

Inventory:

Hand Weapons
 a - a +0 falchion
 i - a +0 short sword of speed (weapon)
Armour
 b - a +0 animal skin
 d - a +0 plate armour (worn)
 k - a +0 helmet (worn)
Jewellery
 g - a ring of flight
 j - a ring of resist corrosion
Scrolls
 f - a scroll of immolation {unknown}
 h - 3 scrolls of revelation {unknown}
 l - a scroll of vulnerability {unknown}
Potions
 e - a potion of resistance
 m - 2 potions of ambrosia {unknown}


   Skills:
 + Level 3.7 Fighting
 - Level 5.4 Long Blades
 + Level 2.6 Armour
 + Level 2.3 Dodging


You had 2 spell levels left.
You didn't know any spells.
Your spell library was empty.

Dungeon Overview and Level Annotations

Branches:
Dungeon (3/15)

Altars:


Innate Abilities, Weirdness & Mutations

You are amphibious.
You cover ground slowly.
You can hop short distances.
You have an extended range of vision and can be seen from far away.


Message History

The orc hits you with a +1 flail of draining.
You feel drained. The orc hits you but does no damage.
You closely miss the adder. You closely miss the adder.
The orc hits you with a +1 flail of draining!
You feel drained. The adder bites you.
You are poisoned.
The adder poisons you! The orc barely misses you.
The orc hits you with a +0 hand axe.
You are too injured to fight recklessly!
You are too injured to fight recklessly!
You are too injured to fight recklessly!
You are too injured to fight recklessly!
You are too injured to fight recklessly!
You are too injured to fight recklessly!
You are too injured to fight recklessly!
You are too injured to fight recklessly!
You are too injured to fight recklessly!
You are too injured to fight recklessly!
You are too injured to fight recklessly!
You are too injured to fight recklessly!
You are too injured to fight recklessly!
You are too injured to fight recklessly!
You are too injured to fight recklessly!
You are too injured to fight recklessly!
You are too injured to fight recklessly!
Unknown command.
It was a potion of enlightenment.
You feel very buoyant.
You fly up into the air.
You feel sick. The adder bites you but does no damage.
The orc barely misses you. The orc hits you but does no damage.
The orc hits you with a +0 hand axe.
* * * LOW HITPOINT WARNING * * *
It was a potion of resistance.
You feel protected.
You feel sick. The adder barely misses you.
The orc hits you with a +0 short sword.
* * * LOW HITPOINT WARNING * * *
The orc closely misses you. The orc hits you with a +0 hand axe.
You die...

.# .# .# .# .#
####.####
#.......#
##.###.......#
.......S@o!..#
.#####.oo....#
#....<..#
#.......#
#.!.....#
#########


You could see an adder and 3 orcs.

Vanquished Creatures
  A ribbon worm (D:2)
  5 endoplasms
  3 giant cockroaches (D:1)
  A goblin (D:2)
  3 hobgoblins
  4 jackals (D:1)
  7 quokkas
  6 ball pythons
  5 bats (D:1)
  A frilled lizard (D:2)
  6 kobolds
  2 rats
44 creatures vanquished.

Notes
Turn   | Place    | Note
-------+----------+-------------------------------------------
     0 | D:1      | spaghetti the Barachi Berserker began the quest for the
                  | Orb.
     0 | D:1      | Reached XP level 1. HP: 18/18 MP: 1/1
    86 | D:1      | Reached skill level 4 in Long Blades
   181 | D:1      | Reached XP level 2. HP: 23/24 MP: 2/2
   448 | D:1      | Reached XP level 3. HP: 29/29 MP: 3/3
   494 | D:1      | Reached skill level 5 in Long Blades
   853 | D:2      | Reached ** piety under Trog
  2023 | D:3      | Slain by an orc

Illustrated notes

Levels and vault maps discovered:
D:1:      nagdon_arrival_zigzag_paths, layout_loops_ring
D:2:      layout_basic, roderic_roman_lattice, minmay_hedge_maze
D:3:      layout_rooms

Skill      XL: |  1  2  3 |
---------------+----------+-----
Long Blades    | 4 5 |  5.4
Fighting       | |  3.7
Armour         | |  2.6
Dodging        | |  2.3

Action                     || total
---------------------------++-------
  Melee: Falchion          ||   128
         Punch             ||     1
         Short sword       ||    51
 Invoke: Berserk           ||     1
Ability: Hop               ||     1
    Use: Potion            ||     2
 Armour: Animal skin       ||    40
         Plate armour      ||   105
  Dodge: Dodged            ||    97
